 Dungeon Crawl Stone Soup version 0.29-a0-317-gd16b76e6b1 (webtiles) character file.

Game seed: 8524815844954580413

26886 IndexError the Frost Mage (level 13, -2/99 HPs)
             Began as a Gnoll Ice Elementalist on Mar 22, 2022.
             Was an Initiate of Ashenzari.
             Killed from afar by an ice statue (25 damage)
             ... with a bolt of cold
             ... in an ice cave on Apr 1, 2022.
             The game lasted 00:46:05 (17890 turns).

IndexError the Frost Mage (Gnoll Ice Elementalist) Turns: 17890, Time: 00:46:06

Health: -2/99      AC: 20    Str:  5    XL:     13   Next: 28%
Magic:  26/26      EV: 17    Int: 20    God:    Ashenzari [......]
Gold:   570        SH:  9    Dex: 23    Spells: 11/31 levels left

rFire   . . .      SeeInvis +   V - +8 whip of Earthquakes {freeze, Str-2 Dex+7 SInv}
rCold   . . .      Faith    .   M - +2 buckler
rNeg    . . .      Spirit   .   Q - +4 ring mail {Will+}
rPois   +          Reflect  .   h - +0 helmet
rElec   .          Harm     .   T - +2 cloak
rCorr   .          Rampage  .   K - +2 pair of gloves of the Fated Ennui {Dex+3, Elem, Self} (curse)
Will    +....                   L - +0 pair of boots
Stlth   ++++......              y - amulet of the acrobat
HPRegen 0.26/turn               U - +4 ring of evasion
MPRegen 0.20/turn               D - ring of poison resistance {rPois, !d}

@: no status effects
A: fangs 1, strong nose, distributed training
a: Renounce Religion, Curse Item, Shatter the Chains


You were in an ice cave.
You worshipped Ashenzari.
Ashenzari was noncommittal.
You visited 2 branches of the dungeon, and saw 13 of its levels.
You also visited: Ice Cave.

You collected 757 gold pieces.
You spent 187 gold pieces at shops.

Inventory:

Hand Weapons
 e - a +1 whip of electrocution
   (You took it off a kobold on level 1 of the Dungeon)
 i - a +1 demon whip of venom
   (You took it off Amaemon on level 9 of the Dungeon)
 V - the +8 whip of Earthquakes (weapon) {freeze, Str-2 Dex+7 SInv}
   (You took it off an orc on level 8 of the Dungeon)

   It freezes those it strikes, dealing additional cold damage.
   It can also slow down cold-blooded creatures.
   Str:       It affects your strength (-2).
   Dex:       It affects your dexterity (+7).
   SInv:      It lets you see invisible.
Missiles
 g - 226 stones (quivered)
 t - 4 throwing nets {=f, !d}
 J - 7 silver javelins
 P - 3 javelins
Armour
 h - a +0 helmet (worn)
   (You found it on level 1 of the Dungeon)
 s - a +2 leather armour of fire resistance
   (You took it off Eustachio on level 5 of the Dungeon)
 x - a +2 robe of the Archmagi
   (You took it off Sigmund on level 3 of the Dungeon)
 K - the cursed +2 pair of gloves of the Fated Ennui (worn) {Dex+3, Elem, Self}
   (You found it on level 8 of the Dungeon)

   It has a curse which improves the following skills: Elements: Fire Magic, Ice
   Magic, Air Magic and Earth Magic.
   Introspection: Fighting and Spellcasting.
 L - a +0 pair of boots (worn)
   (You found it on level 7 of the Dungeon)
 M - a +2 buckler (worn)
   (You found it on level 8 of the Dungeon)
 Q - a +4 ring mail of willpower (worn)
   (You found it on level 8 of the Dungeon)
 T - a +2 cloak (worn)
   (You bought it in a shop on level 8 of the Dungeon)
Magical Staves
 c - a staff of cold {rC+}
   (You found it on level 1 of the Dungeon)
Jewellery
 w - a ring of flight {+Fly, !d}
   (You took it off a centaur on level 11 of the Dungeon)
 y - an amulet of the acrobat (around neck)
   (You found it on level 6 of the Dungeon)
 A - a +6 ring of strength
   (You found it on level 6 of the Dungeon)
 D - a ring of poison resistance (right hand) {rPois, !d}
   (You found it on level 5 of the Dungeon)
 E - a ring of fire {rF+, rC-}
   (You found it on level 4 of the Dungeon)
 U - a +4 ring of evasion (left hand)
   (You found it on level 10 of the Dungeon)
Wands
 f - a wand of paralysis (5)
   (You found it on level 12 of the Dungeon)
 k - a wand of digging (11)
   (You found it on level 2 of the Dungeon)
 v - a wand of iceblast (27)
   (You found it on level 6 of the Dungeon)
 z - a wand of charming (7)
   (You found it on level 5 of the Dungeon)
 G - a wand of acid (4)
   (You found it on level 10 of the Dungeon)
 X - a wand of flame (8)
   (You took it off a wight on level 9 of the Dungeon)
Scrolls
 d - 5 scrolls of teleportation
 p - a scroll of amnesia
 r - 2 scrolls of fog
 H - a scroll of vulnerability {!r!r}
Potions
 a - 7 potions of heal wounds {unknown}
 b - 3 potions of magic
 j - a potion of flight {unknown}
 l - 11 potions of degeneration {!q}
 m - 3 potions of curing
 n - 2 potions of brilliance {unknown}
 o - a potion of attraction {!q}
 q - 2 potions of berserk rage {!q}
 u - a potion of lignification {!q}
 F - 2 potions of mutation {!q}
 I - 2 potions of cancellation
 N - 2 potions of haste
 O - 2 potions of might


   Skills:
 + Level 7.9(8.4) Fighting
 + Level 7.9 Short Blades
 + Level 7.9 Long Blades
 + Level 7.9 Axes
 + Level 7.9 Maces & Flails
 + Level 7.9 Polearms
 + Level 7.9 Staves
 + Level 7.9 Slings
 + Level 7.9 Bows
 + Level 7.9 Crossbows
 + Level 7.9 Throwing
 + Level 7.9 Armour
 + Level 9.2 Dodging
 + Level 9.1 Stealth
 + Level 7.9 Shields
 + Level 7.9 Unarmed Combat
 + Level 9.5(9.9) Spellcasting
 + Level 6.6 Conjurations
 + Level 6.6 Hexes
 + Level 6.6 Summonings
 + Level 6.6 Necromancy
 + Level 6.6 Translocations
 + Level 6.6 Transmutations
 + Level 6.6(7.0) Fire Magic
 + Level 9.8(10.2) Ice Magic
 + Level 6.6(7.0) Air Magic
 + Level 6.6(7.0) Earth Magic
 + Level 6.6 Poison Magic
 + Level 8.7 Invocations
 + Level 7.9 Evocations


You had 11 spell levels left.
You knew the following spells:

 Your Spells              Type           Power      Damage    Failure   Level
a - Freeze                Ice            100%       1d11      1%          1
b - Frozen Ramparts       Ice            100%       1d12      1%          3
c - Ensorcelled Hibernat  Hex/Ice        86%        N/A       1%          2
d - Foxfire               Conj/Fire      100%       2x1d9     1%          1
e - Flame Wave            Conj/Fire      37%        2d9       19%         4
s - Sticky Flame          Conj/Fire      37%        2d6       19%         4
w - Passwall              Tmut/Erth      30%        N/A       2%          2
A - Ozocubu's Armour      Ice            50%        N/A       1%          3

Your spell library contained the following spells:

 Spells                   Type           Power      Damage    Failure   Level
 Beastly Appendage        Tmut           72%        N/A       1%          1
 Sting                    Tmut/Pois      100%       1d8       1%          1
 Summon Small Mammal      Summ           100%       N/A       1%          1
 Poisonous Vapours        Pois/Air       74%        N/A       2%          2
 Static Discharge         Conj/Air       37%        N/A       2%          2
 Wereblood                Tmut           36%        N/A       3%          2
 Conjure Flame            Conj/Fire      37%        6-21      5%          3
 Inner Flame              Hex/Fire       37%        N/A       5%          3
 Swiftness                Air            38%        N/A       5%          3
 Call Canine Familiar     Summ           36%        N/A       6%          3
 Ignite Poison            Fire/Tmut/Pois 37%        N/A       6%          3
 Spider Form              Tmut/Pois      36%        N/A       6%          3
 Summon Guardian Golem    Hex/Summ       36%        N/A       6%          3
 Hailstorm                Conj/Ice       43%        3d10      10%         4
 Olgreb's Toxic Radiance  Pois           36%        N/A       21%         4
 Passage of Golubria      Tloc           36%        N/A       21%         4
 Lightning Bolt           Conj/Air       18%        1d33      45%         5
 Silence                  Hex/Air        18%        N/A       45%         5
 Ozocubu's Refrigeration  Ice            25%        4d10      99%         7
 Lehudib's Crystal Spear  Conj/Erth      18%        10d6      100%        8
 Maxwell's Capacitive Co  Air            19%        ∞         100%        8


Dungeon Overview and Level Annotations

Branches:
Dungeon (12/15)            Temple (1/1) D:7            Lair (0/6) D:9
    Orc (0/2) D:11          IceCv (1/1)

Altars:
Ashenzari
Cheibriados
Dithmenos
Elyvilon
Fedhas
Gozag
Hepliaklqana
Kikubaaqudgha
Makhleb
Nemelex Xobeh
Okawaru
Qazlal
Ru
Sif Muna
Trog
Uskayaw
Vehumet
Wu Jian
Xom
Yredelemnul
Zin
The Shining One
Jiyva

Shops:
D:4 =   D:7 :   D:8 (**[[

Annotations:
IceCv exclusion: ice statue


Innate Abilities, Weirdness & Mutations

You have very sharp teeth.
Your uncanny sense of smell can sniff out nearby items.
Your experience applies equally to all skills.


Message History

Spoiler Alert: The ice beast (summoned) can hit for moderate damage in melee!
Spoiler Alert: The ice beast (summoned) can hit for moderate damage in melee!
Spoiler Alert: The ice beast (summoned) can hit for moderate damage in melee!
You throw a stone. The stone hits the ice beast.
Spoiler Alert: The ice beast (summoned) can hit for moderate damage in melee!
You throw a stone.
The stone hits the ice beast but does no damage.
Spoiler Alert: The ice beast (summoned) can hit for moderate damage in melee!
You throw a stone. The stone barely misses the ice beast.
Spoiler Alert: The ice beast (summoned) can hit for moderate damage in melee!
You hit the ice beast. The ice beast hits you. The ice beast freezes you!
Spoiler Alert: The ice beast (summoned) can hit for moderate damage in melee!
You take 12 damage, and have 87/99 hp.
You barely miss the ice beast. You bite the ice beast.
You block the ice beast's attack.
Spoiler Alert: The ice beast (summoned) can hit for moderate damage in melee!
You whack the ice beast!
Spoiler Alert: The ice beast (summoned) can hit for moderate damage in melee!
You hit the ice beast but do no damage.
You bite the ice beast, but do no damage.
You block the ice beast's attack.
Spoiler Alert: The ice beast (summoned) can hit for moderate damage in melee!
You barely miss the ice beast.
The ice beast hits you but does no damage.
Spoiler Alert: The ice beast (summoned) can hit for moderate damage in melee!
You hit the ice beast but do no damage.
You bite the ice beast, but do no damage.
The ice beast barely misses you.
Spoiler Alert: The ice beast (summoned) can hit for moderate damage in melee!
You hit the ice beast.
Spoiler Alert: The ice beast (summoned) can hit for moderate damage in melee!
You hit the ice beast. Your bite misses the ice beast.
The ice beast closely misses you.
Spoiler Alert: The ice beast (summoned) can hit for moderate damage in melee!
You closely miss the ice beast. You block the ice beast's attack.
Spoiler Alert: The ice beast (summoned) can hit for moderate damage in melee!
You whack the ice beast!
You bite the ice beast, but do no damage.
The ice beast closely misses you.
Spoiler Alert: The ice beast (summoned) can hit for moderate damage in melee!
You barely miss the ice beast. Your bite misses the ice beast.
Spoiler Alert: The ice beast (summoned) can hit for moderate damage in melee!
You closely miss the ice beast.
The ice beast hits you but does no damage.
Spoiler Alert: The ice beast (summoned) can hit for moderate damage in melee!
You hit the ice beast.
The ice beast disappears in a puff of smoke!
No target in view!
Really walk into a travel-excluded area? [Y]es or [N]o only, please.
Really walk into a travel-excluded area? [Y]es or [N]o only, please.
Really walk into a travel-excluded area?
Okay, then.
That's the wrong kind of item! (Use * to select it.) Evoke which item? (* to show all) (? for menu, Esc to quit)
Huh?
Evoke which item? (* to show all) (? for menu, Esc to quit)
Huh?
Evoke which item? (* to show all) (? for menu, Esc to quit)
Aiming: Dig
Press: ? - help, Shift-Dir - straight line An ice covered rock wall.
The rock shatters into small pieces.
Really walk into a travel-excluded area?
You whack the ice statue! You completely miss the ice statue.
You bite the ice statue, but do no damage.
The ice statue gestures.
Spoiler Alert: The ice beast (summoned) can hit for moderate damage in melee!
You hit the ice statue.
The ice statue gestures.
Warning x2: The ice beast (summoned) can hit for moderate damage in melee! x2
You hit the ice statue but do no damage.
You block the ice beast's attack.
Warning x2: The ice beast (summoned) can hit for moderate damage in melee! x2
You whack the ice statue! The ice statue gestures at you.
The shard of ice hits you!! You block the ice beast's attack.
Warning x2: The ice beast (summoned) can hit for moderate damage in melee! x2
You take 25 damage, and have 72/99 hp.
MASSIVE DAMAGE!!
You hit the ice statue. The ice statue gestures at you.
The freezing blast engulfs you!! The ice beast misses you.
Warning x2: The ice beast (summoned) can hit for moderate damage in melee! x2
You take 21 damage, and have 51/99 hp.
MASSIVE DAMAGE!!
You hit the ice statue.
You are engulfed in freezing vapours.
The ice beast closely misses you. The ice beast barely misses you.
Warning x2: The ice beast (summoned) can hit for moderate damage in melee! x2
You take 10 damage, and have 41/99 hp.
You hit the ice statue but do no damage.
You are engulfed in freezing vapours.
The ice beast misses you.
Warning x2: The ice beast (summoned) can hit for moderate damage in melee! x2
You take 5 damage, and have 36/99 hp.
You hit the ice statue but do no damage.
You are engulfed in freezing vapours.
* * * LOW HITPOINT WARNING * * *
The ice statue gestures at you. The bolt of cold hits you!!
You die...

##.....## #.
#.(.....## #..
##(.......# #.#
#........## ###
#..##.....#...###
##..
#......##......###...
#☼○☼..##.......#....
##○YY###....##....##
#8@○##....####..###
##°#.#.....# ####
####.....## ##...##
#...## ### #..#.#
##.## ##.#.###..÷##
##..##..#..###
#.##..###...#


You could see an ice statue and 2 ice beasts.

Vanquished Creatures
  Snorg (D:10)
  A centaur warrior (D:10)
  A two-headed ogre (D:11)
  2 death yaks (IceCv)
  Urug (D:10)
  Amaemon (D:9)
  Pikel (D:5)
  An ugly thing (D:11)
  A manticore (D:11)
  An orange demon (D:9)
  3 komodo dragons
  2 rime drakes (IceCv)
  A troll (D:11)
  3 polar bears (IceCv)
  A slime creature (D:11)
  Grinder (D:6)
  2 shadows
  18 yaks
  Sigmund (D:3)
  2 wyverns
  Eustachio (D:5)
  A steam dragon (D:8)
  3 water moccasins
  A swamp drake (D:11)
  A black bear (D:6)
  6 orc warriors
  A sky beast (D:6)
  2 ice beasts
  2 ogres (D:5)
  4 wolves (IceCv)
  9 centaurs
  A lemure (D:5)
  3 necrophages
  5 bullfrogs
  A gnoll sergeant (D:10)
  5 scorpions
  13 wights (D:9)
  16 killer bees
  4 howler monkeys
  10 orc priests
  8 hounds
  4 jellies
  Crazy Yiuf (D:3)
  A gnoll shaman (D:6)
  An iguana (D:4)
  Jessica (D:2)
  2 hell rats (D:8)
  17 orc wizards
  9 gnolls
  5 adders
  7 river rats (D:8)
  2 shadow imps
  13 white imps
  2 ufetubi (D:5)
  2 worms
  3 dart slugs
  59 orcs
  6 ball pythons
  12 endoplasms
  3 giant cockroaches
  5 hobgoblins
  3 jackals (D:2)
  8 quokkas
  7 bats
  A frilled lizard (D:1)
  6 goblins
  5 kobolds
  16 rats
343 creatures vanquished.

Vanquished Creatures (others)
  191 foxfires (IceCv)
  2 fungi (D:3)
  20 plants
213 creatures vanquished.

Grand Total: 556 creatures vanquished

Notes
Turn   | Place    | Note
-------+----------+-------------------------------------------
     0 | D:1      | IndexError the Gnoll Ice Elementalist began the quest for
                  | the Orb.
     0 | D:1      | Reached XP level 1. HP: 13/13 MP: 6/6
   178 | D:1      | Reached XP level 2. HP: 14/19 MP: 2/7
   812 | D:1      | Reached XP level 3. HP: 23/25 MP: 7/9
   819 | D:1      | Reached skill level 5 in Spellcasting
  1190 | D:1      | Learned a level 3 spell: Frozen Ramparts
  1194 | D:1      | Learned a level 3 spell: Ozocubu's Armour
  1197 | D:1      | Learned a level 2 spell: Ensorcelled Hibernation
  1495 | D:2      | Reached skill level 1 in Invocations
  1769 | D:2      | Reached skill level 1 in Fighting
  1769 | D:2      | Reached skill level 1 in Short Blades
  1769 | D:2      | Reached skill level 1 in Long Blades
  1769 | D:2      | Reached skill level 1 in Axes
  1769 | D:2      | Reached skill level 1 in Maces & Flails
  1769 | D:2      | Reached skill level 1 in Polearms
  1769 | D:2      | Reached skill level 1 in Staves
  1769 | D:2      | Reached skill level 1 in Slings
  1769 | D:2      | Reached skill level 1 in Bows
  1769 | D:2      | Reached skill level 1 in Crossbows
  1769 | D:2      | Reached skill level 1 in Throwing
  1769 | D:2      | Reached skill level 1 in Armour
  1769 | D:2      | Reached skill level 1 in Shields
  1769 | D:2      | Reached skill level 1 in Unarmed Combat
  1769 | D:2      | Reached skill level 1 in Evocations
  2029 | D:2      | Noticed Jessica
  2034 | D:2      | Killed Jessica
  2035 | D:2      | Reached XP level 4. HP: 32/32 MP: 6/11
  2349 | D:3      | Found an ancient bone altar of Kikubaaqudgha.
  2350 | D:3      | Found a burning altar of Makhleb.
  2352 | D:3      | Found a snail-covered altar of Cheibriados.
  2354 | D:3      | Found a shimmering blue altar of Sif Muna.
  2356 | D:3      | Found a bloodstained altar of Trog.
  2356 | D:3      | Found a sparkling altar of Nemelex Xobeh.
  2356 | D:3      | Found a hazy altar of Hepliaklqana.
  2357 | D:3      | Found a shimmering altar of Xom.
  2361 | D:3      | Found a hide-covered altar of Uskayaw.
  2362 | D:3      | Found a sacrificial altar of Ru.
  2403 | D:3      | Noticed Sigmund
  2411 | D:3      | Killed Sigmund
  2412 | D:3      | Reached skill level 1 in Conjurations
  2412 | D:3      | Reached skill level 1 in Hexes
  2412 | D:3      | Reached skill level 1 in Summonings
  2412 | D:3      | Reached skill level 1 in Necromancy
  2412 | D:3      | Reached skill level 1 in Translocations
  2412 | D:3      | Reached skill level 1 in Transmutations
  2412 | D:3      | Reached skill level 1 in Fire Magic
  2412 | D:3      | Reached skill level 1 in Air Magic
  2412 | D:3      | Reached skill level 1 in Earth Magic
  2412 | D:3      | Reached skill level 1 in Poison Magic
  2412 | D:3      | Reached skill level 2 in Invocations
  2412 | D:3      | Reached XP level 5. HP: 38/38 MP: 3/12
  2412 | D:3      | Reached XP level 6. HP: 44/44 MP: 3/13
  2740 | D:3      | Found a glowing silver altar of Zin.
  3016 | D:3      | Found a faded altar of an unknown god.
  3138 | D:3      | Reached skill level 5 in Dodging
  3401 | D:3      | Found a runed translucent door.
  3402 | D:3      | Noticed Crazy Yiuf
  3408 | D:3      | Killed Crazy Yiuf
  3409 | D:3      | Reached skill level 2 in Fighting
  3409 | D:3      | Reached skill level 2 in Short Blades
  3409 | D:3      | Reached skill level 2 in Long Blades
  3409 | D:3      | Reached skill level 2 in Axes
  3409 | D:3      | Reached skill level 2 in Maces & Flails
  3409 | D:3      | Reached skill level 2 in Polearms
  3409 | D:3      | Reached skill level 2 in Staves
  3409 | D:3      | Reached skill level 2 in Slings
  3409 | D:3      | Reached skill level 2 in Bows
  3409 | D:3      | Reached skill level 2 in Crossbows
  3409 | D:3      | Reached skill level 2 in Throwing
  3409 | D:3      | Reached skill level 2 in Armour
  3409 | D:3      | Reached skill level 2 in Shields
  3409 | D:3      | Reached skill level 2 in Unarmed Combat
  3409 | D:3      | Reached skill level 2 in Evocations
  3920 | D:4      | You fall into a shaft and drop 2 floors!
  3920 | D:6      | Noticed a sky beast
  3931 | D:6      | Reached XP level 7. HP: 44/50 MP: 6/15
  3934 | D:6      | Reached skill level 2 in Conjurations
  3934 | D:6      | Reached skill level 2 in Hexes
  3934 | D:6      | Reached skill level 2 in Summonings
  3934 | D:6      | Reached skill level 2 in Necromancy
  3934 | D:6      | Reached skill level 2 in Translocations
  3934 | D:6      | Reached skill level 2 in Transmutations
  3934 | D:6      | Reached skill level 2 in Fire Magic
  3934 | D:6      | Reached skill level 2 in Air Magic
  3934 | D:6      | Reached skill level 2 in Earth Magic
  3934 | D:6      | Reached skill level 2 in Poison Magic
  4045 | D:6      | HP: 9/51 [white imp/puff of frost (13)]
  4063 | D:6      | Reached skill level 5 in Stealth
  4110 | D:6      | Reached skill level 3 in Invocations
  4542 | D:6      | Found an iron altar of Okawaru.
  4584 | D:6      | Reached XP level 8. HP: 57/57 MP: 10/16
  4679 | D:6      | Reached skill level 3 in Fighting
  4679 | D:6      | Reached skill level 3 in Short Blades
  4679 | D:6      | Reached skill level 3 in Long Blades
  4679 | D:6      | Reached skill level 3 in Axes
  4679 | D:6      | Reached skill level 3 in Maces & Flails
  4679 | D:6      | Reached skill level 3 in Polearms
  4679 | D:6      | Reached skill level 3 in Staves
  4679 | D:6      | Reached skill level 3 in Slings
  4679 | D:6      | Reached skill level 3 in Bows
  4679 | D:6      | Reached skill level 3 in Crossbows
  4679 | D:6      | Reached skill level 3 in Throwing
  4679 | D:6      | Reached skill level 3 in Armour
  4679 | D:6      | Reached skill level 3 in Shields
  4679 | D:6      | Reached skill level 3 in Unarmed Combat
  4679 | D:6      | Reached skill level 3 in Evocations
  4736 | D:6      | Noticed Grinder
  4830 | D:5      | Entered Level 5 of the Dungeon
  5027 | D:4      | Found Uluom's Jewellery Boutique.
  5085 | D:4      | Reached skill level 6 in Spellcasting
  6232 | D:4      | Reached skill level 3 in Conjurations
  6232 | D:4      | Reached skill level 3 in Hexes
  6232 | D:4      | Reached skill level 3 in Summonings
  6232 | D:4      | Reached skill level 3 in Necromancy
  6232 | D:4      | Reached skill level 3 in Translocations
  6232 | D:4      | Reached skill level 3 in Transmutations
  6232 | D:4      | Reached skill level 3 in Fire Magic
  6232 | D:4      | Reached skill level 3 in Air Magic
  6232 | D:4      | Reached skill level 3 in Earth Magic
  6232 | D:4      | Reached skill level 3 in Poison Magic
  6232 | D:4      | Reached skill level 4 in Invocations
  6501 | D:4      | Upgraded the game from 0.29-a0-297-g7659ce593d to
                  | 0.29-a0-317-gd16b76e6b1
  6504 | D:4      | Learned a level 2 spell: Passwall
  6632 | D:5      | Reached skill level 6 in Dodging
  6777 | D:5      | Noticed Eustachio
  6790 | D:5      | Killed Eustachio
  6791 | D:5      | Reached XP level 9. HP: 65/65 MP: 11/18
  7241 | D:5      | Noticed Pikel
  7258 | D:5      | Killed Pikel
  7259 | D:5      | Reached skill level 4 in Fighting
  7259 | D:5      | Reached skill level 4 in Short Blades
  7259 | D:5      | Reached skill level 4 in Long Blades
  7259 | D:5      | Reached skill level 4 in Axes
  7259 | D:5      | Reached skill level 4 in Maces & Flails
  7259 | D:5      | Reached skill level 4 in Polearms
  7259 | D:5      | Reached skill level 4 in Staves
  7259 | D:5      | Reached skill level 4 in Slings
  7259 | D:5      | Reached skill level 4 in Bows
  7259 | D:5      | Reached skill level 4 in Crossbows
  7259 | D:5      | Reached skill level 4 in Throwing
  7259 | D:5      | Reached skill level 4 in Armour
  7259 | D:5      | Reached skill level 6 in Stealth
  7259 | D:5      | Reached skill level 4 in Shields
  7259 | D:5      | Reached skill level 4 in Unarmed Combat
  7259 | D:5      | Reached skill level 8 in Ice Magic
  7259 | D:5      | Reached skill level 4 in Evocations
  7686 | D:6      | Paralysed by Grinder for 6 turns
  7701 | D:6      | Killed Grinder
  8385 | D:7      | Found a staircase to the Ecumenical Temple.
  8434 | D:7      | Reached skill level 5 in Invocations
  8670 | Temple   | Entered the Ecumenical Temple
  8869 | Temple   | Became a worshipper of Ashenzari the Shackled
  8961 | D:7      | Noticed an angel
  9007 | D:7      | Found Avawug's Book Shop.
  9068 | D:7      | Reached skill level 7 in Spellcasting
  9226 | D:7      | Noticed a rust devil
  9361 | D:8      | Reached skill level 4 in Conjurations
  9361 | D:8      | Reached skill level 4 in Hexes
  9361 | D:8      | Reached skill level 4 in Summonings
  9361 | D:8      | Reached skill level 4 in Necromancy
  9361 | D:8      | Reached skill level 4 in Translocations
  9361 | D:8      | Reached skill level 4 in Transmutations
  9361 | D:8      | Reached skill level 4 in Fire Magic
  9361 | D:8      | Reached skill level 4 in Air Magic
  9361 | D:8      | Reached skill level 4 in Earth Magic
  9361 | D:8      | Reached skill level 4 in Poison Magic
  9361 | D:8      | Reached XP level 10. HP: 65/73 MP: 20/20
  9366 | D:8      | Found Naqyur Ygesk's Antique Armour Boutique.
  9589 | D:8      | Identified the +8 whip of Earthquakes {freeze, Str-2 Dex+7
                  | SInv}
 10079 | D:8      | Found Paixad's Armour Shop.
 10141 | D:8      | Reached skill level 5 in Fighting
 10141 | D:8      | Reached skill level 5 in Short Blades
 10141 | D:8      | Reached skill level 5 in Long Blades
 10141 | D:8      | Reached skill level 5 in Axes
 10141 | D:8      | Reached skill level 5 in Maces & Flails
 10141 | D:8      | Reached skill level 5 in Polearms
 10141 | D:8      | Reached skill level 5 in Staves
 10141 | D:8      | Reached skill level 5 in Slings
 10141 | D:8      | Reached skill level 5 in Bows
 10141 | D:8      | Reached skill level 5 in Crossbows
 10141 | D:8      | Reached skill level 5 in Throwing
 10141 | D:8      | Reached skill level 5 in Armour
 10141 | D:8      | Reached skill level 5 in Shields
 10141 | D:8      | Reached skill level 5 in Unarmed Combat
 10141 | D:8      | Reached skill level 5 in Evocations
 10826 | D:8      | Reached skill level 7 in Dodging
 10879 | D:8      | Found a stormy altar of Qazlal.
 11090 | D:8      | Bought an embroidered cloak for 187 gold pieces
 11114 | D:8      | Found Amuosy's Assorted Antiques.
 11133 | D:8      | Found Luriuh's Weapon Emporium.
 11242 | D:8      | Found Zivom's General Store.
 11301 | D:9      | Noticed Amaemon
 11302 | D:9      | Noticed an orange demon
 11306 | D:9      | Killed an orange demon
 11307 | D:9      | Killed Amaemon
 11308 | D:9      | Reached skill level 7 in Stealth
 11308 | D:9      | Reached skill level 6 in Invocations
 11818 | D:9      | Reached XP level 11. HP: 55/80 MP: 18/23
 12112 | D:9      | Reached skill level 6 in Fighting
 12112 | D:9      | Reached skill level 6 in Short Blades
 12112 | D:9      | Reached skill level 6 in Long Blades
 12112 | D:9      | Reached skill level 6 in Axes
 12112 | D:9      | Reached skill level 6 in Maces & Flails
 12112 | D:9      | Reached skill level 6 in Polearms
 12112 | D:9      | Reached skill level 6 in Staves
 12112 | D:9      | Reached skill level 6 in Slings
 12112 | D:9      | Reached skill level 6 in Bows
 12112 | D:9      | Reached skill level 6 in Crossbows
 12112 | D:9      | Reached skill level 6 in Throwing
 12112 | D:9      | Reached skill level 6 in Armour
 12112 | D:9      | Reached skill level 6 in Shields
 12112 | D:9      | Reached skill level 6 in Unarmed Combat
 12112 | D:9      | Reached skill level 6 in Evocations
 12125 | D:9      | Found a staircase to the Lair.
 12149 | D:9      | Reached skill level 5 in Conjurations
 12149 | D:9      | Reached skill level 5 in Hexes
 12149 | D:9      | Reached skill level 5 in Summonings
 12149 | D:9      | Reached skill level 5 in Necromancy
 12149 | D:9      | Reached skill level 5 in Translocations
 12149 | D:9      | Reached skill level 5 in Transmutations
 12149 | D:9      | Reached skill level 5 in Fire Magic
 12149 | D:9      | Reached skill level 5 in Air Magic
 12149 | D:9      | Reached skill level 5 in Earth Magic
 12149 | D:9      | Reached skill level 5 in Poison Magic
 12458 | D:9      | Reached skill level 8 in Spellcasting
 12898 | D:10     | Entered Level 10 of the Dungeon
 13015 | D:10     | Noticed Snorg
 13025 | D:10     | Killed Snorg
 13411 | D:10     | Noticed a centaur warrior
 13425 | D:10     | Killed a centaur warrior
 13426 | D:10     | Reached skill level 9 in Ice Magic
 13426 | D:10     | Reached skill level 7 in Invocations
 13678 | D:10     | Noticed Urug
 13699 | D:10     | Killed Urug
 13700 | D:10     | Reached skill level 8 in Dodging
 14503 | D:11     | Noticed a two-headed ogre
 14753 | D:11     | Reached skill level 7 in Fighting
 14753 | D:11     | Reached skill level 7 in Short Blades
 14753 | D:11     | Reached skill level 7 in Long Blades
 14753 | D:11     | Reached skill level 7 in Axes
 14753 | D:11     | Reached skill level 7 in Maces & Flails
 14753 | D:11     | Reached skill level 7 in Polearms
 14753 | D:11     | Reached skill level 7 in Staves
 14753 | D:11     | Reached skill level 7 in Slings
 14753 | D:11     | Reached skill level 7 in Bows
 14753 | D:11     | Reached skill level 7 in Crossbows
 14753 | D:11     | Reached skill level 7 in Throwing
 14753 | D:11     | Reached skill level 7 in Armour
 14753 | D:11     | Reached skill level 8 in Stealth
 14753 | D:11     | Reached skill level 7 in Shields
 14753 | D:11     | Reached skill level 7 in Unarmed Combat
 14753 | D:11     | Reached skill level 6 in Conjurations
 14753 | D:11     | Reached skill level 6 in Hexes
 14753 | D:11     | Reached skill level 6 in Summonings
 14753 | D:11     | Reached skill level 6 in Necromancy
 14753 | D:11     | Reached skill level 6 in Translocations
 14753 | D:11     | Reached skill level 6 in Transmutations
 14753 | D:11     | Reached skill level 6 in Fire Magic
 14753 | D:11     | Reached skill level 6 in Air Magic
 14753 | D:11     | Reached skill level 6 in Earth Magic
 14753 | D:11     | Reached skill level 6 in Poison Magic
 14753 | D:11     | Reached skill level 8 in Invocations
 14753 | D:11     | Reached skill level 7 in Evocations
 14753 | D:11     | Reached XP level 12. HP: 92/92 MP: 23/25
 14808 | D:11     | Reached skill level 9 in Spellcasting
 14959 | D:11     | Killed a two-headed ogre
 15054 | D:11     | Found a viscous altar of Jiyva.
 15304 | D:11     | Reached XP level 13. HP: 92/98 MP: 20/26
 15644 | D:11     | Reached skill level 9 in Dodging
 15880 | D:11     | Found a staircase to the Orcish Mines.
 16308 | D:12     | Found a frozen archway.
 16381 | IceCv    | Entered an ice cave
 16749 | IceCv    | Reached skill level 9 in Stealth
 16901 | IceCv    | Learned a level 1 spell: Foxfire
 16906 | IceCv    | Learned a level 4 spell: Flame Wave
 16911 | IceCv    | Learned a level 4 spell: Sticky Flame
 17890 | IceCv    | HP: 22/99 [ice statue] (14)]
 17890 | IceCv    | Killed from afar by an ice statue

Illustrated notes

Levels and vault maps discovered:
D:1:      minmay_arrival_hallway, layout_basic
D:2:      layout_loops_ring, minmay_misc_feat_doors, uniq_jessica
D:3:      layout_basic, minitemple, lemuel_doored_altar,
          hellmonk_ecumenical_altar_arch_garden, uniq_crazy_yiuf_cottage,
          uniq_sigmund
D:4:      layout_gridville, serial_shops, nicolae_shop_hallway_stairs,
          nicolae_elevator_lobby_plus
D:5:      layout_loops_ring, cheibrodos_gnoll_hut, uniq_pikel, uniq_eustachio
D:6:      layout_basic, mainiacjoe_overflow_catwalk, dk_noncrumbling_2,
          uniq_grinder
D:7:      layout_gridville, temple_garden, serial_shops, nicolae_square_shop,
          grunt_ministairs_15
D:8:      lemuel_ratsnest, layout_gridville, overflow_temple_1_default,
          serial_shops, nicolae_stop_n_shop_2, kennysheep_mini_moat,
          nicolae_shop_bloodbath_and_beyond, nicolae_take_the_stairs, shop,
          serial_glass, glass_columns_b, glass_columns_a, minmay_checkerbox
D:9:      layout_loops_corners, david_lair_shrubbed,
          dreamdust_princess_corridor, uniq_amaemon
D:10:     layout_roguey, uniq_snorg, uniq_urug
D:11:     layout_irregular_city, erik_orc_1, hangedman_decor_peaks_small,
          jiyva_altar_1
D:12:     layout_rooms, portal_ice_cave_entry_imps
Temple:   grunt_temple_mini_profane
IceCv:    ice_cave_small_giant

Skill      XL: |  1  2  3  4  5  6  7  8  9 10 11 12 13 |
---------------+----------------------------------------+-----
Spellcasting   | 5 6 7 8 9 |  9.5
Invocations    | 1 2 3 4 5 6 8 |  8.7
Fighting       | 1 2 3 4 5 7 |  7.9
Short Blades   | 1 2 3 4 5 7 |  7.9
Long Blades    | 1 2 3 4 5 7 |  7.9
Axes           | 1 2 3 4 5 7 |  7.9
Maces & Flails | 1 2 3 4 5 7 |  7.9
Polearms       | 1 2 3 4 5 7 |  7.9
Staves         | 1 2 3 4 5 7 |  7.9
Slings         | 1 2 3 4 5 7 |  7.9
Bows           | 1 2 3 4 5 7 |  7.9
Crossbows      | 1 2 3 4 5 7 |  7.9
Throwing       | 1 2 3 4 5 7 |  7.9
Armour         | 1 2 3 4 5 7 |  7.9
Shields        | 1 2 3 4 5 7 |  7.9
Unarmed Combat | 1 2 3 4 5 7 |  7.9
Evocations     | 1 2 3 4 5 7 |  7.9
Conjurations   | 1 2 3 4 6 |  6.6
Hexes          | 1 2 3 4 6 |  6.6
Summonings     | 1 2 3 4 6 |  6.6
Necromancy     | 1 2 3 4 6 |  6.6
Translocations | 1 2 3 4 6 |  6.6
Transmutations | 1 2 3 4 6 |  6.6
Fire Magic     | 1 2 3 4 6 |  6.6
Air Magic      | 1 2 3 4 6 |  6.6
Earth Magic    | 1 2 3 4 6 |  6.6
Poison Magic   | 1 2 3 4 6 |  6.6
Dodging        | 5 6 7 8 9 |  9.2
Stealth        | 5 6 7 8 9 |  9.1
Ice Magic      | 8 9 |  9.8

Action                   |  1- 3 |  4- 6 |  7- 9 | 10-12 | 13-15 || total
-------------------------+-------+-------+-------+-------+-------++-------
Melee: Unarmed           |     1 |       |     1 |       |       ||     2
       Whip              |    48 |     1 |    28 |    65 |    70 ||   212
       Bite              |    10 |    13 |    19 |    50 |    21 ||   113
       Staff             |    19 |    41 |   120 |   257 |    91 ||   528
       Punch             |       |       |     5 |     4 |       ||     9
Throw: Stone             |       |       |   167 |   283 |    72 ||   522
 Cast: Freeze            |    12 |    22 |    53 |    17 |    14 ||   118
       Frozen Ramparts   |     3 |     6 |    20 |    41 |     9 ||    79
       Ozocubu's Armour  |     1 |     3 |    14 |    26 |     7 ||    51
       Ensorcelled Hiber |       |       |       |     1 |       ||     1
       Foxfire           |       |       |       |       |   105 ||   105
Invok: Curse Item        |       |       |       |     1 |       ||     1
Evoke: Wand              |       |       |     8 |     3 |     5 ||    16
  Use: Scroll            |       |       |       |    18 |       ||    18
       Potion            |       |       |       |     1 |       ||     1
 Stab: Sleeping          |     5 |     6 |     1 |       |       ||    12
Armor: Robe              |    19 |    16 |    60 |    22 |       ||   117
       Ring mail         |       |       |       |    98 |    52 ||   150
Dodge: Dodged            |    46 |    61 |   129 |   227 |    96 ||   559
Block: Buckler           |       |       |       |   107 |    60 ||   167

Table legend: (Time is in decaauts)
 A = Elapsed time spent in this place.
 B = Non-inter-level travel time spent in this place.
 C = Inter-level travel time spent in this place.
 D = Time resting spent in this place.
 E = Time spent auto-exploring this place.
 F = Levels seen in this place.
 G = Mean time per level.
                   A        B        C        D        E       F      G
               +--------+--------+--------+--------+--------+-----+--------+
         Total |  17781 |  16189 |   1592 |    208 |  12663 |  14 | 1270.1 |
       Dungeon |  16069 |  14523 |   1546 |     10 |  11555 |  12 | 1339.1 |
        Temple |    223 |    177 |     46 |      0 |    175 |   1 |  223.0 |
      Ice Cave |   1488 |   1488 |      0 |    198 |    933 |   1 | 1488.0 |
               +--------+--------+--------+--------+--------+-----+--------+

Top non-repeatable levels by time:
     D:9: 1692 daAuts
    D:10: 1612 daAuts
     D:6: 1606 daAuts
     D:4: 1604 daAuts
    D:11: 1530 daAuts
     D:1: 1499 daAuts
   IceCv: 1488 daAuts
     D:3: 1456 daAuts
     D:8: 1421 daAuts
     D:7: 1314 daAuts
     D:5: 1206 daAuts
     D:2: 958 daAuts
  Temple: 223 daAuts
    D:12: 167 daAuts

Table legend:
 A = Kills in this place as a percentage of kills in entire the game.
 B = Kills by you in this place as a percentage of kills by you in the entire game.
 C = Kills by friends in this place as a percentage of kills by friends in the entire game.
 D = Other kills in this place as a percentage of other kills in the entire game.
 E = Experience gained in this place as a percentage of experience gained in the entire game.
 F = Experience gained in this place divided by the number of levels of this place that you have seen.
                   A       B       C       D       E      F
               +-------+-------+-------+-------+-------+----------------------
         Total | 100.0 | 100.0 |   N/A |   N/A | 100.0 | 1849.3
       Dungeon |  96.2 |  96.2 |   N/A |   N/A |  84.3 | 1818.8
      Ice Cave |   3.8 |   3.8 |   N/A |   N/A |  15.7 | 4065.0
               +-------+-------+-------+-------+-------+----------------------
